 Dungeon Crawl Stone Soup version 0.21-a0-265-gb353147 (webtiles) character file.

17409 shaqfu the Grappler (level 12, -7/88 HPs)
             Began as a Troll Chaos Knight on Sept 11, 2017.
             Mangled by an elephant (15 damage)
             ... on level 2 of the Lair of Beasts.
             The game lasted 00:21:21 (11844 turns).

shaqfu the Grappler (Troll Chaos Knight)           Turns: 11844, Time: 00:21:22

Health: -7/88      AC: 13    Str: 32      XL:     12   Next: 18%
Magic:  11/11      EV:  8    Int:  7 (8)  God:    Xom [.*....]
Gold:   572        SH: 22    Dex:  9      Spells: 11/11 levels left

rFire    . . .     SeeInvis .     - Unarmed
rCold    . . .     Gourm    +   p - +1 large shield
rNeg     . . .     Faith    .   a - +2 robe
rPois    .         Spirit   .   (helmet restricted)
rElec    .         Reflect  +   F - +2 cloak
rCorr    .         Harm     .   (gloves unavailable)
MR       .....                  (boots unavailable)
Stlth    +.........             N - +2 amulet of reflection (curse)
HPRegen  0.64/turn              R - +5 ring of strength
MPRegen  0.12/turn              P - +3 ring of protection

@: no status effects
A: unfitting armour, claws 3, fast metabolism 3, frail 2, gourmand, mutation
resistance 1, regeneration 1, shaggy fur 1, tough skin 2, sturdy frame 1
a: Renounce Religion


You were on level 2 of the Lair of Beasts.
You worshipped Xom.
You were a plaything of Xom.
You were not hungry.

You visited 2 branches of the dungeon, and saw 14 of its levels.

You collected 728 gold pieces.
You spent 156 gold pieces at shops.

Inventory:

Hand Weapons
 f - a +1 hunting sling
Missiles
 g - 85 sling bullets
 z - 2 large rocks (quivered)
 B - 6 javelins
Armour
 a - a +2 robe (worn)
 p - a +1 large shield (worn)
 F - a +2 cloak (worn)
Jewellery
 k - an uncursed ring of protection from magic
 o - a +2 ring of dexterity
 s - the amulet of Ikyiz {Gourm Int+2}
   (You found it on level 4 of the Dungeon)

   [amulet of the gourmand]

   It allows you to eat raw meat even when not hungry.
   It affects your intelligence (+2).
 x - an uncursed ring of stealth
 D - an uncursed ring of resist corrosion
 J - an uncursed ring of protection from fire
 M - a cursed amulet of the gourmand
 N - a cursed +2 amulet of reflection (around neck)
 P - a +3 ring of protection (right claw)
 R - a +5 ring of strength (left claw)
Wands
 t - a wand of acid (13/15)
 y - a wand of iceblast (2/15)
 C - a wand of acid (6/15)
 G - a wand of random effects (8/48)
 I - a wand of lightning (10/15)
 K - a wand of polymorph (7/24)
 Q - a wand of clouds (3/9)
Scrolls
 c - 3 scrolls of magic mapping
 d - 3 scrolls of identify
 h - 4 scrolls of remove curse
 i - 2 scrolls of recharging
 j - a scroll of amnesia
 r - a scroll of teleportation
 w - a scroll of fog
 L - 3 scrolls of enchant armour
 O - 3 scrolls of enchant weapon
Potions
 e - a potion of cancellation
 n - a potion of agility
 q - 2 potions of flight
 H - a potion of curing
Books
 v - a Young Poisoner's Handbook

   Spells                             Type                      Level
   a - Sting                          Conjuration/Poison           1
   b - Poisonous Vapours              Poison/Air                   2
   c - Mephitic Cloud                 Conjuration/Poison/Air       3
   d - Olgreb's Toxic Radiance        Poison                       4
   e - Venom Bolt                     Conjuration/Poison           5
 T - a book of Battle

   Spells                             Type                      Level
   a - Infusion                       Charms                       1
   b - Shroud of Golubria             Charms/Translocation         2
   c - Song of Slaying                Charms                       2
   d - Spectral Weapon                Hexes/Charms                 3
   e - Regeneration                   Charms/Necromancy            3
 U - a book of Transfigurations

   Spells                             Type                      Level
   a - Irradiate                      Conjuration/Transmutation    5
   b - Statue Form                    Transmutation/Earth          6
   c - Hydra Form                     Transmutation                6
   d - Dragon Form                    Transmutation                7
Miscellaneous
 E - a phial of floods
Comestibles
 b - 9 bread rations
 l - 4 royal jellies
 m - 8 fruits
 A - 7 meat rations


   Skills:
 - Level 5.1 Fighting
 - Level 1.9 Dodging
 * Level 10.6 Shields
 * Level 14.4 Unarmed Combat


You had 11 spell levels left.
You didn't know any spells.

Dungeon Overview and Level Annotations

Branches:
Dungeon (11/15)            Temple (0/1) D:5            Lair (3/6) D:8
  Swamp: Lair:2-4    Shoals: Lair:2-4     Snake: Lair:2-4    Spider: Lair:2-4
    Orc: D:9-12

Altars:
Ashenzari
Dithmenos
Gozag
Hepliaklqana
Okawaru
Trog
Xom
Yredelemnul
Zin
The Shining One

Shops:
D:4 !   D:7 [


Innate Abilities, Weirdness & Mutations

You are too large for most types of armour.
You have claws for hands.
Your metabolism is lightning-fast.
You like to eat raw meat.
Your natural rate of healing is unusually fast.
You are covered in fur. (AC +1)
You have very tough skin. (AC +2)
You are very frail. (-20% HP)
You are somewhat resistant to further mutation.
Your movements are slightly less encumbered by armour. (ER -2)


Message History

You block the guardian serpent's attack.
You feel sick.
The guardian serpent coils itself and waves its upper body at you.
The bolt of poison hits you!
You are more poisoned.
* * * LOW HITPOINT WARNING * * *
Found a chain mail.
You feel better. The guardian serpent hits you!
* * * LOW HITPOINT WARNING * * *
The guardian serpent barely misses you.
Okay, then.
The guardian serpent gestures with its tail.
The elephant blinks!
You block the elephant's attack. The elephant barely misses you.
Unknown command.
Unknown command.
You block the guardian serpent's attack.
The elephant tramples you!
You die...
Xom is highly amused!

###..##....#..#PP #P.
#..##.#........ #..
#####...........###
#..##.#...#....PP...#
##.......###..##..###
#P..#.##..##.##P..#
##..####............
#..##.Y.#...........
#....@SP.....#P#...#.
#.>##..P.....###.###.
##.#####.....(. ..#
#.P# ###...... ..
#†## #.####.. # #..P#
..# [. #[..# ##..#
..##


You could see an elephant and a guardian serpent.

Vanquished Creatures
  A hydra (Lair:1)
  Erica (D:8)
  A deep elf mage (D:11)
  The ghost of removed the Conjurer, a novice DgVM (D:6)
  An ugly thing (D:11)
  An elephant (Lair:3)
  A spiny frog (Lair:2)
  2 centaur skeletons (D:11)
  2 black mambas
  7 polar bears
  Grinder (D:5)
  5 blink frogs (Lair:1)
  2 hornets
  2 hippogriffs
  12 yaks
  A shadow (D:11)
  4 wyverns
  A basilisk (Lair:1)
  A human (Lair:1)
  3 water moccasins
  4 ice beasts
  A porcupine (Lair:1)
  4 orc warriors
  3 sky beasts
  9 black bears
  3 ogres
  A necrophage (D:10)
  7 wolves
  3 centaurs
  12 bullfrogs
  A wyvern skeleton (D:10)
  2 scorpions
  4 killer bees (D:9)
  9 wights
  3 electric eels
  A howler monkey (D:8)
  A crimson imp (D:5)
  A quasit (D:10)
  A bullfrog zombie (D:5)
  A centaur zombie (D:7)
  A gnoll shaman (D:8)
  3 hounds
  2 jellies
  An orc priest (D:6)
  Jessica (D:3)
  3 iguanas
  6 orc wizards
  11 worker ants
  A killer bee zombie (D:10)
  2 hound skeletons (D:10)
  A howler monkey zombie (D:7)
  A howler monkey skeleton (D:4)
  A worker ant zombie (D:8)
  16 adders
  7 gnolls
  4 shadow imps
  A worker ant simulacrum (D:10)
  An ufetubus (D:10)
  An adder zombie (D:8)
  3 worms
  2 dart slugs
  11 leopard geckos
  23 orcs
  4 ball pythons
  6 giant cockroaches
  17 goblins
  11 hobgoblins
  18 jackals
  6 kobolds
  5 quokkas
  8 bats
  5 frilled lizards
  2 gnoll zombies (D:3)
  A jackal zombie (D:5)
  A leopard gecko zombie (D:5)
  A quokka skeleton (D:7)
  7 rats
  A plant (Lair:1)
317 creatures vanquished.

Vanquished Creatures (collateral kills)
  A two-headed ogre (D:10)
  A cyclops (D:11)
  An orc warrior (D:11)
  An ogre (D:6)
  2 wolves (Lair:1)
  2 wights (D:11)
  A centaur skeleton (D:11)
9 creatures vanquished.

Vanquished Creatures (others)
  4 yaks (Lair:1)
  A centaur (D:4)
  A hound (D:4)
  An orc wizard (D:11)
  An adder (D:4)
  A jackal skeleton (D:4)
  A fungus (Lair:1)
  2 plants
12 creatures vanquished.

Grand Total: 338 creatures vanquished

Notes
Turn   | Place    | Note
-------+----------+-------------------------------------------
     0 | D:1      | shaqfu the Troll Chaos Knight began the quest for the Orb.
     0 | D:1      | Reached XP level 1. HP: 22/22 MP: 0/0
    43 | D:1      | XOM: harmless Ice miscast
    64 | D:1      | XOM: harmless Summ miscast
    79 | D:1      | Reached XP level 2. HP: 27/29 MP: 1/1
   363 | D:1      | Reached XP level 3. HP: 35/36 MP: 2/2
   422 | D:1      | XOM: divination: magic mapping
   479 | D:1      | Reached skill level 4 in Unarmed Combat
   776 | D:2      | Reached XP level 4. HP: 44/45 MP: 3/3
  1013 | D:2      | XOM: harmless Chrm miscast
  1293 | D:3      | Noticed Robin
  1297 | D:3      | XOM: blink monster(s)
  1308 | D:3      | XOM: blink monster(s)
  1317 | D:3      | Noticed Robin
  1317 | D:3      | Robin changed into Robin the dart slug
  1317 | D:3      | XOM: polymorph Robin -> Robin the dart slug
  1329 | D:3      | Killed Robin the dart slug
  1329 | D:3      | Reached skill level 5 in Unarmed Combat
  1621 | D:3      | Reached XP level 5. HP: 53/53 MP: 4/4
  1662 | D:3      | XOM: harmless Conj miscast
  1762 | D:3      | XOM is BORED!
  1762 | D:3      | XOM: give mutations
  1762 | D:3      | Gained mutation: Your body sometimes deteriorates upon taking damage. [Xom's mischief]
  1762 | D:3      | Gained mutation: Your system is resistant to poisons. (rPois) [Xom's mischief]
  1762 | D:3      | Gained mutation: You are dopey. (Int -2) [Xom's mischief]
  1971 | D:3      | XOM: stat loss: -1 Int (5/6)
  2052 | D:3      | Noticed Jessica
  2061 | D:3      | Killed Jessica
  2180 | D:3      | Found a basalt altar of Yredelemnul.
  2276 | D:3      | XOM: give mutations
  2276 | D:3      | Gained mutation: Scrolls take you a little longer to read. [Xom's mischief]
  2276 | D:3      | Gained mutation: You are frail. (-10% HP) [Xom's mischief]
  2589 | D:4      | XOM: stealth player
  2698 | D:4      | Found Fipoucarr's Distillery.
  2712 | D:4      | Bought a potion of might for 48 gold pieces
  2712 | D:4      | Bought a potion of flight for 36 gold pieces
  2712 | D:4      | Bought a potion of curing for 36 gold pieces
  2712 | D:4      | Bought a potion of curing for 36 gold pieces
  2720 | D:4      | Noticed a centaur
  2730 | D:4      | XOM: cast spell 'Ring of Flames'
  2732 | D:4      | Killed a centaur
  2732 | D:4      | XOM: destruction
  2889 | D:4      | Got a slimy emerald amulet
  2923 | D:4      | Reached XP level 6. HP: 53/55 MP: 5/5
  2933 | D:4      | Reached skill level 6 in Unarmed Combat
  2940 | D:4      | XOM: silly message
  3157 | D:4      | XOM: mild Pois miscast
  3243 | D:4      | XOM: summons friendly quasit
  3667 | D:5      | Entered Level 5 of the Dungeon
  3670 | D:5      | Noticed Grinder
  3681 | D:5      | Killed Grinder
  3681 | D:5      | Reached skill level 7 in Unarmed Combat
  3681 | D:5      | Reached XP level 7. HP: 61/63 MP: 6/6
  3746 | D:5      | Reached skill level 8 in Unarmed Combat
  3804 | D:5      | XOM: noise
  3855 | D:5      | Noticed a hornet
  3857 | D:5      | XOM: smoke on damage
  3857 | D:5      | Paralysed by a hornet for 2 turns
  3862 | D:5      | XOM: enchant monster (good)
  3869 | D:5      | Paralysed by a hornet for 2 turns
  3870 | D:5      | Xom revived you
  3876 | D:5      | Killed a hornet
  3876 | D:5      | Reached skill level 5 in Fighting
  3876 | D:5      | Reached XP level 8. HP: 8/72 MP: 7/7
  4111 | D:5      | Found a shimmering altar of Xom.
  4201 | D:5      | Found a staircase to the Ecumenical Temple.
  4210 | D:5      | Reached skill level 1 in Shields
  4238 | D:5      | XOM: blink monster(s)
  4411 | D:5      | Found a glowing silver altar of Zin.
  4412 | D:5      | Found an opulent altar of Gozag.
  4490 | D:5      | XOM: mild Erth miscast
  4533 | D:6      | Noticed removed's ghost (novice DgVM)
  4539 | D:6      | XOM: noise
  4540 | D:6      | XOM: summons friendly white imp
  4542 | D:6      | XOM: harmless Summ miscast
  4542 | D:6      | Reached skill level 9 in Unarmed Combat
  4549 | D:6      | XOM: enchant monster (good)
  4567 | D:6      | XOM: cast spell 'Chain of Chaos'
  4570 | D:6      | Killed removed's ghost
  4825 | D:6      | XOM: give mutation
  4825 | D:6      | Gained mutation: You have large cloven feet. [Xom's grace]
  4934 | D:6      | Identified the amulet of Ikyiz {Gourm Int+2} (You found it on level 4 of the Dungeon)
  5062 | D:6      | XOM: enchant monster (good)
  5064 | D:6      | XOM: cast spell 'Cause Fear'
  5086 | D:6      | XOM: harmless Fire miscast
  5325 | D:5      | XOM: mild Ice miscast
  5347 | D:6      | Reached XP level 9. HP: 79/79 MP: 8/8
  5554 | D:6      | XOM: summons friendly ufetubus
  5557 | D:6      | Reached skill level 10 in Unarmed Combat
  5700 | D:7      | XOM: divination: magic mapping
  5707 | D:7      | XOM: noise
  5755 | D:7      | Found Elisouju's Armour Emporium.
  5819 | D:7      | XOM: medium Air miscast
  5832 | D:7      | XOM: cloud trail
  5966 | D:7      | XOM: harmless Chrm miscast
  6141 | D:7      | XOM: harmless Necr miscast
  6174 | D:8      | Found a staircase to the Lair.
  6215 | D:8      | Reached skill level 5 in Shields
  6300 | D:8      | Noticed Erica
  6360 | D:8      | Killed Erica
  6360 | D:8      | Reached skill level 11 in Unarmed Combat
  6477 | D:8      | Found an iron altar of Okawaru.
  6484 | D:8      | XOM: enchant monster (bad)
  6505 | D:8      | XOM: give mutation
  6505 | D:8      | Gained mutation: Your magical capacity is low. (-10% MP) [Xom's mischief]
  6552 | D:8      | XOM: mild Tloc miscast
  6702 | D:8      | Reached XP level 10. HP: 86/86 MP: 8/8
  7099 | D:9      | Found a hazy altar of Hepliaklqana.
  7104 | D:9      | Found a shattered altar of Ashenzari.
  7104 | D:9      | Found a glowing golden altar of the Shining One.
  7105 | D:9      | Found a shadowy altar of Dithmenos.
  7214 | D:9      | XOM: summons 2 hostile demons
  7231 | D:9      | XOM: harmless Tmut miscast
  7296 | D:9      | Noticed a rust devil
  7296 | D:9      | Noticed a rust devil
  7304 | D:9      | HP: 4/86 [orc warrior/battleaxe (25)]
  7304 | D:9      | XOM: butterfly on damage
  7407 | D:9      | XOM: harmless Fire miscast
  7608 | D:9      | Found a bloodstained altar of Trog.
  7651 | D:9      | XOM: harmless Hex miscast
  7742 | D:10     | Entered Level 10 of the Dungeon
  7753 | D:10     | Noticed a two-headed ogre
  7754 | D:10     | XOM: summons 7 friendly demons
  7760 | D:10     | Killed a two-headed ogre
  7932 | D:10     | Reached skill level 12 in Unarmed Combat
  8033 | D:10     | XOM: mild Conj miscast
  8225 | D:10     | XOM: divination: detect creatures
  8272 | D:10     | XOM: silly message
  8414 | D:10     | XOM: cast spell 'Ring of Flames'
  8445 | D:10     | XOM: divination: detect items
  8446 | D:10     | XOM: harmless Pois miscast
  8535 | D:10     | XOM: harmless Air miscast
  8745 | D:10     | Reached XP level 11. HP: 83/91 MP: 8/8
  8837 | D:10     | XOM: harmless Necr miscast
  9194 | D:11     | XOM: silly message
  9282 | D:11     | Noticed a deep elf mage
  9287 | D:11     | XOM: divination: magic mapping
  9290 | D:11     | Killed a deep elf mage
  9290 | D:11     | Reached skill level 13 in Unarmed Combat
  9322 | D:11     | XOM: god gift: 3 scrolls labeled ESOSUSKUQOW {god gift}
  9409 | D:11     | Noticed a red ugly thing
  9410 | D:11     | XOM: cleaving
  9412 | D:11     | XOM: confuse monster(s)
  9421 | D:11     | Killed a red ugly thing
  9423 | D:11     | XOM: enchant monster (bad)
  9454 | D:11     | XOM: divination: detect items
  9561 | D:11     | XOM: cast spell 'Death Channel'
  9745 | D:11     | XOM: god gift: lajatang {god gift}
 10250 | Lair:1   | Entered Level 1 of the Lair of Beasts
 10286 | Lair:1   | XOM: summons friendly quasit
 10287 | Lair:1   | XOM: enchant monster (bad)
 10293 | Lair:1   | XOM: confuse monster(s)
 10296 | Lair:1   | XOM: divination: detect creatures
 10300 | Lair:1   | XOM: summons 7 friendly demons
 10408 | Lair:1   | XOM: mild Conj miscast
 10440 | Lair:1   | XOM: polymorph quasit -> crimson imp
 10591 | Lair:1   | XOM: noise
 10680 | Lair:1   | XOM: divine lightning
 10686 | Lair:1   | XOM: enchant monster (bad)
 10687 | Lair:1   | XOM: swap monsters
 10689 | Lair:1   | XOM: potion effect (brilliance)
 10693 | Lair:1   | XOM: confuse monster(s)
 10839 | Lair:1   | XOM: confusion (+ monsters)
 10850 | Lair:1   | XOM: polymorph polar bear -> human
 10864 | Lair:1   | XOM: swap monsters
 10870 | Lair:1   | Reached skill level 10 in Shields
 10882 | Lair:1   | XOM: harmless Conj miscast
 10895 | Lair:1   | Reached skill level 14 in Unarmed Combat
 10944 | Lair:1   | XOM: polymorph polar bear -> hippogriff
 10994 | Lair:1   | XOM: harmless Air miscast
 11117 | Lair:1   | XOM: harmless Hex miscast
 11118 | Lair:1   | XOM: harmless Summ miscast
 11448 | Lair:1   | XOM: give mutations
 11448 | Lair:1   | Lost mutation: You are dopey. (Int -2) [Xom's mischief]
 11448 | Lair:1   | Gained mutation: You are very frail. (-20% HP) [Xom's mischief]
 11450 | Lair:1   | Noticed a seven-headed hydra
 11450 | Lair:1   | XOM: cleaving
 11456 | Lair:1   | XOM: potion effect (might)
 11513 | Lair:1   | Killed a ten-headed hydra
 11513 | Lair:1   | Reached XP level 12. HP: 88/88 MP: 9/9
 11627 | Lair:2   | XOM: swap monsters
 11640 | Lair:2   | XOM: summons friendly shadow imp
 11762 | Lair:3   | Lost mutation: Scrolls take you a little longer to read. [potion of mutation]
 11762 | Lair:3   | Lost mutation: You have large cloven feet. [potion of mutation]
 11762 | Lair:3   | Lost mutation: Your system is resistant to poisons. (rPois) [potion of mutation]
 11762 | Lair:3   | Gained mutation: Your movements are slightly less encumbered by armour. (ER -2) [potion of mutation]
 11762 | Lair:3   | Gained mutation: You are extremely frail. (-30% HP) [potion of mutation]
 11762 | Lair:3   | Gained mutation: Scrolls take you a little longer to read. [potion of mutation]
 11762 | Lair:3   | Gained mutation: You are somewhat resistant to further mutation. [potion of mutation]
 11763 | Lair:3   | Lost mutation: Scrolls take you a little longer to read. [potion of mutation]
 11763 | Lair:3   | Lost mutation: Your body sometimes deteriorates upon taking damage. [potion of mutation]
 11763 | Lair:3   | Lost mutation: You are extremely frail. (-30% HP) [potion of mutation]
 11763 | Lair:3   | Lost mutation: Your magical capacity is low. (-10% MP) [potion of mutation]
 11821 | Lair:2   | XOM: harmless Ice miscast
 11824 | Lair:2   | XOM: polymorph elephant -> guardian serpent
 11826 | Lair:2   | XOM: divination: detect items
 11844 | Lair:2   | Mangled by an elephant

Vault maps used:
D:1:      dpeg_arrival_castle, serial_glass, glass_columns_b, glass_columns_a,
          feat_on_display, feat_on_display
D:2:      minmay_tall_x
D:3:      lemuel_zombie_altar_yredelemnul, minmay_misc_feat_chi, uniq_robin,
          uniq_jessica
D:4:      serial_shops, nicolae_shop_trees, first_bread, minmay_checkerbox
D:5:      grunt_temple_overflow_gold_and_silver, lemuel_round_altar,
          minmay_temple_entry_crystal_x, uniq_grinder
D:7:      serial_shops, kennysheep_mini, grunt_ogre_cave
D:8:      lair_entry_dummy, okawaru_metal_pillars_3, uniq_erica
D:9:      cheibrodos_iron_armory, kennysheep_mini_moat,
          grunt_temple_overflow_open
D:10:     serial_ice, serial_ice_l, serial_ice_b, serial_ice_g, serial_ice_n
D:11:     kennysheep_generic_room_14
Lair:1:   beast_lair_carwin_large_4, serial_bayou_lagoon_b
Lair:2:   cheibrodos_lair_river_kwai, minmay_shoals_entry_beasts,
          guppyfry_snake_entry_garden, minmay_lair_oklob_chamber,
          serial_bayou_shore_a, lemuel_fruit_tree, grunt_megastairs_3

Skill      XL: |  1  2  3  4  5  6  7  8  9 10 11 |
---------------+----------------------------------+-----
Unarmed Combat | 4 5 7 8 9 11 12 14 | 14.4
Fighting       | 3 4 5 |  5.1
Shields        | 3 6 8 10 | 10.6
Dodging        | |  1.9

Action                   |  1- 3 |  4- 6 |  7- 9 | 10-12 || total
-------------------------+-------+-------+-------+-------++-------
Melee: Unarmed           |    98 |   198 |   268 |   456 ||  1020
       Punch             |     2 |     1 |     1 |       ||     4
       Kick              |       |       |    54 |   118 ||   172
 Fire: Hunting sling     |     4 |       |       |       ||     4
Throw: Throwing net      |       |       |       |     1 ||     1
  Use: Scroll            |       |     6 |     7 |    12 ||    25
       Potion            |       |     6 |     7 |     8 ||    21
 Stab: Invisible         |       |     1 |     1 |       ||     2
       Sleeping          |       |     1 |     2 |     9 ||    12
       Distracted        |       |     1 |     1 |     1 ||     3
       Confused          |       |       |       |     2 ||     2
  Eat: Chunk             |    10 |    26 |    26 |    41 ||   103
       Bread ration      |       |       |       |     1 ||     1
Armor: Robe              |    50 |    80 |    56 |   149 ||   335
Dodge: Dodged            |    54 |   102 |    60 |    80 ||   296
Block: Large shield      |       |       |   151 |   356 ||   507
       Reflection        |       |       |       |     2 ||     2

Table legend:
 A = Spawn XP
 B = Non-spawn XP
 C = Spawn XP percentage of total XP
 D = Spawn monster count
 E = Non-spawn monster count
 F = Spawn count percentage of total count
 G = Total turns spent on level
                    A         B        C        D         E        F      G
               +---------+---------+-------+---------+---------+-------+---------
         Total |       0 |   24870 |   0.0 |       0 |     329 |   0.0 | 11844
               +---------+---------+-------+---------+---------+-------+---------
           D:1 |       0 |      66 |   0.0 |       0 |      28 |   0.0 |   694
           D:2 |       0 |      61 |   0.0 |       0 |      17 |   0.0 |   507
           D:3 |       0 |     169 |   0.0 |       0 |      45 |   0.0 |  1388
           D:4 |       0 |     334 |   0.0 |       0 |      16 |   0.0 |  1078
           D:5 |       0 |    1206 |   0.0 |       0 |      23 |   0.0 |  1094
           D:6 |       0 |    1418 |   0.0 |       0 |      23 |   0.0 |   875
           D:7 |       0 |     550 |   0.0 |       0 |      19 |   0.0 |   538
           D:8 |       0 |    1777 |   0.0 |       0 |      21 |   0.0 |   796
           D:9 |       0 |    1404 |   0.0 |       0 |      13 |   0.0 |   822
          D:10 |       0 |    4746 |   0.0 |       0 |      44 |   0.0 |  1393
          D:11 |       0 |    3995 |   0.0 |       0 |      36 |   0.0 |  1065
        Lair:1 |       0 |    6725 |   0.0 |       0 |      34 |   0.0 |  1334
        Lair:2 |       0 |    1388 |   0.0 |       0 |       8 |   0.0 |   141
        Lair:3 |       0 |    1031 |   0.0 |       0 |       2 |   0.0 |   119
               +---------+---------+-------+---------+---------+-------+---------
